[Event "*** Titled Tuesday Blitz"]
[Site "Chess.com"]
[Date "2021.04.20"]
[Round "9"]
[White "NoboaKevin1999"]
[Black "ShahMatKanal"]
[Result "1-0"]
[WhiteElo "2459"]
[BlackElo "2395"]
[TimeControl "180+1"]
[EndTime "11:45:48 PDT"]
[Termination "NoboaKevin1999 won on time"]

1. d4 Nf6 2. c4 c5 3. d5 b5 4. Qc2 b4 5. e4 d6 6. a3 bxa3 7. bxa3 g6 8. Bb2 Bg7 9. Nd2 O-O 10. Ngf3 e6 11. Be2 exd5 12. cxd5 Ba6 13. Bxa6 Nxa6 14. O-O Re8 15. Rfe1 Rb8 16. Bc3 Nc7 17. Rad1 Nb5 18. Bb2 Qa5 19. Nc4 Qa6 20. e5 dxe5 21. Ncxe5 Nxa3 22. Qc1 Nb5 23. Nc6 Rxe1+ 24. Rxe1 Re8 25. Ne7+ Kf8 26.
Qxc5 Qd6 27. Nxg6+ hxg6 28. Rxe8+ Nxe8 29. Bxg7+ Kxg7 30.
Qxb5 Nc7 31. Qb2+ Qf6 32. Qa2 Nxd5 33. Qxa7 Nf4 34. h4 Nh3+ 35. Kh2 Nf4 36. Qd4 Ne6 37. Qxf6+ Kxf6 38. Kg3 Nc5 39. Nd2 Kf5 40. Kf3 Ne6 41. g4+ Ke5 42. Ke3 f6 43. f4+ Kd5 44. Nf1 Nc5 45. Kf3 Nb3 46. Ne3+ Kd4 47. f5 gxf5 48.
Nxf5+ Ke5 49. h5 Nd2+ 50. Kg3 Ne4+ 51. Kh4 Ng5 52. h6 Kf4 53. Kh5 Kf3 54. Nh4+ Kg3 55. Ng6 Kh3 56. Ne7 Kg3 57. Nd5 1-0

[Event "*** Titled Tuesday Blitz"]
[Site "Chess.com"]
[Date "2021.04.20"]
[Round "9"]
[White "fastestmindalive"]
[Black "SchmakAttack"]
[Result "1/2-1/2"]
[WhiteElo "2755"]
[BlackElo "2634"]
[TimeControl "180+1"]
[EndTime "11:45:49 PDT"]
[Termination "Game drawn by repetition"]

1. e4 e6 2. d4 d5 3. Nc3 Nf6 4. Bg5 dxe4 5. Nxe4 Be7 6. Bxf6 gxf6 7. g3 f5 8. Nc3 Nc6 9. Nf3 Bf6 10. Ne2 b6 11. Bg2 Bb7 12. O-O Qd6 13. c3 O-O-O 14. a4 h5 15. h4 Ne7 16. a5 Ng6 17. axb6 axb6 18. Ne1 f4 19. Qa4 c6 20. Nd3 fxg3 21. fxg3 Bxh4 22.
Rxf7 Rd7 23. Rxd7 Qxd7 24. gxh4 Nxh4 25. Ne5 Qg7 26. Nf4 Nxg2 27. Nfg6 Nf4 28. Kh2 Nxg6 29. Rg1 Rf8 30. Rxg6 Rf2+ 31. Kg1 Qf8 32. Qd1 Qf4 33.
Rg8+ Kc7 34. Rg7+ Kc8 35. Rg8+ Kc7 36. Rg7+ Kc8 37. Rg2 Rxg2+ 38. Kxg2 c5+ 39. Kh3 Qe3+ 40. Kh4 cxd4 41. cxd4 Be4 42. Kxh5 Bf5 43. Qf3 Qxf3+ 44.
Nxf3 Kd7 45. Kg5 Kd6 46. Kf4 Kd5 47. Ke3 Bh7 48. Nd2 Bf5 49. Nb1 Kc4 50. Nd2+ Kd5 51. Nf1 Kc4 52. Nd2+ Kd5 1/2-1/2

[Event "*** Titled Tuesday Blitz"]
[Site "Chess.com"]
[Date "2021.04.20"]
[Round "9"]
[White "pifion"]
[Black "Margency"]
[Result "1-0"]
[WhiteElo "2590"]
[BlackElo "2698"]
[TimeControl "180+1"]
[EndTime "11:45:49 PDT"]
[Termination "pifion won by resignation"]

1. d4 d5 2. c4 e6 3. Nf3 c5 4. cxd5 exd5 5. g3 Nc6 6. Bg2 Nf6 7. O-O Be7 8. Nc3 O-O 9. dxc5 Bxc5 10. Na4 Be7 11.
Be3 Re8 12. Rc1 Bg4 13. h3 Bxf3 14. Bxf3 Qd7 15. Bg2 Rad8 16. Bc5 Ne4 17. Bxe7 Qxe7 18. e3 d4 19. exd4 Rxd4 20. Qc2 Nb4 21. Qc7 Rd7 22. Qf4 Nd3 23. Qxe4 Qxe4 24. Bxe4 Nxc1 25. Rxc1 g6 26. Nc3 Rd2 27. Rc2 Rxc2 28. Bxc2 Rd8 29. Ne4 f5 30. Bb3+ Kg7 31. Nc5 Rd2 32. Nxb7 Rxb2 33. Kg2 Kf6 34. Nc5 g5 35. Kf3 h5 36. Nd7+ Kg6 37. Ne5+ Kf6 38. Nc4 g4+ 39. hxg4 fxg4+ 40. Kg2 Rb1 41. Nd2 Rc1 42. Ne4+ Kg6 43. Nd6 Rc5 44. Bf7+ Kg7 45.
Bb3 Kh6 46. Ne4 Re5 47. Nd6 Rc5 48. Kh2 Rc6 49. Nf7+ Kg7 50. Ne5 Rf6 51. Kg2 Rf5 52. Nd3 Ra5 53. Nf4 Kh6 54. Bf7 Rf5 55. Bxh5 Kg5 56.
Bg6 Rf6 57. Bc2 Rb6 58. Bb3 a5 59. Ne6+ Kf6 60. Nc5 Rb4 61. Nd3 Rd4 62. Nc5 Kg5 63.
Ne6+ Kf5 64. Nxd4+ Ke4 1-0

[Event "*** Titled Tuesday Blitz"]
[Site "Chess.com"]
[Date "2021.04.20"]
[Round "9"]
[White "aaaao"]
[Black "ErikRonka"]
[Result "1/2-1/2"]
[WhiteElo "2628"]
[BlackElo "2488"]
[TimeControl "180+1"]
[EndTime "11:45:50 PDT"]
[Termination "Game drawn by repetition"]

1. e4 c6 2. Nc3 d5 3. Nf3 dxe4 4. Nxe4 Nd7 5. d4 Ngf6 6. Nxf6+ Nxf6 7. h3 Bf5 8. Bd3 Bxd3 9. Qxd3 e6 10. O-O Be7 11.
c4 O-O 12. Be3 Qa5 13. a3 Rfd8 14. b4 Qc7 15. Qe2 a5 16. Rab1 axb4 17. axb4 b5 18. cxb5 cxb5 19. Rfc1 Qb7 20. Ne5 Rac8 21. Nd3 Nd5 22.
Nc5 Qb6 23. Qf3 Ra8 24. g3 h6 25. Qe4 Ra3 26. Bd2 Nf6 27. Qh4 Nd5 28. Qg4 Nf6 29. Qh4 Ra2 30. Rd1 Nd5 31. Qe4 Nf6 32. Qh4 Rd5 33.
g4 Qd8 34. Be3 Ne4 35. g5 Nxg5 36. Qg4 Kh8 37. Ra1 Rxa1 38. Rxa1 Nh7 39. Qg2 Bg5 40.
Kf1 Bxe3 41. fxe3 Nf6 42. Ke2 Kh7 43. h4 Qd6 44. Rg1 g6 45. Qf3 Qe7 46. Qg2 Nh5 47. Rf1 Kg7 48. Qh3 Qa7 49. Rf3 Qa2+ 50. Kf1 Qb1+ 51.
Kg2 Qb2+ 52. Rf2 Qxb4 53. Nxe6+ fxe6 54. Qxe6 Rf5 55. Qd7+ Kg8 56. Qe6+ Kg7 57. Qd7+ Kg8 58. Qe6+ Kg7 1/2-1/2

[Event "*** Titled Tuesday Blitz"]
[Site "Chess.com"]
[Date "2021.04.20"]
[Round "9"]
[White "TheRealPeakyBlinder"]
[Black "CSB7"]
[Result "0-1"]
[WhiteElo "2652"]
[BlackElo "2763"]
[TimeControl "180+1"]
[EndTime "11:45:52 PDT"]
[Termination "CSB7 won on time"]

1. e4 e6 2. d4 d5 3. e5 c5 4.
c3 Qb6 5. Nf3 Nc6 6. Be2 cxd4 7.
cxd4 Nh6 8. Bxh6 Qxb2 9. Nbd2 gxh6 10. O-O Bd7 11. Nb3 Rc8 12. Ne1 Nb4 13. Rb1 Qa3 14.
Bh5 Rg8 15. Nd3 Bb5 16. Nxb4 Bxb4 17. Qf3 Rg6 18. Rfc1 Rc4 19. Bxg6 hxg6 20. h3 a6 21. Rxc4 Bxc4 22. Nc5 Qxf3 23. gxf3 Bxc5 24. dxc5 Bb5 25.
a4 Bc6 26. f4 a5 27. Kg2 Kd7 28.
Kf3 Kc7 29. Ra1 Bd7 30. Ke3 Kc6 31. Kd4 Kc7 32. h4 h5 33. Kc3 Kc6 34. Rb1 Kc7 35. Kb3 Bc6 36. Ka3 Kc8 37. Rb6 Kc7 38. Kb3 Kc8 39. Ka3 Kc7 40. Rb1 Kc8 41. Ra1 Kd7 42. Kb3 Kc7 43. Kc3 Bd7 44. Kd4 Kc6 45. f5 exf5 46.
f4 Be6 47. Rb1 Kc7 48. Rb6 Bd7 49. Rf6 Be6 50. Kd3 Kc6 51. Kd4 b6 52. cxb6 Kxb6 53.
Kd3 Kc5 54. Kc3 d4+ 55. Kd3 Kd5 56. Kd2 Ke4 57. Ke2 Kxf4 0-1

[Event "*** Titled Tuesday Blitz"]
[Site "Chess.com"]
[Date "2021.04.20"]
[Round "9"]
[White "buhomurciano"]
[Black "canary2016"]
[Result "1-0"]
[WhiteElo "2192"]
[BlackElo "2011"]
[TimeControl "180+1"]
[EndTime "11:45:52 PDT"]
[Termination "buhomurciano won by checkmate"]

1. e4 c5 2. c3 Nf6 3. e5 Nd5 4.
d4 cxd4 5. cxd4 d6 6. Nf3 Nc6 7.
Bc4 Nb6 8. Bb5 Bd7 9. Nc3 e6 10. O-O Be7 11. Re1 O-O 12. Bd3 Rc8 13. a3 dxe5 14.
dxe5 Na5 15. Qc2 g6 16. Bh6 Re8 17. Qe2 Nb3 18. Rad1 Qc7 19. h4 Bc6 20. Ne4 Red8 21. h5 Bxe4 22. Bxe4 Rxd1 23. Rxd1 Qc4 24. Bd3 Qc7 25.
hxg6 fxg6 26. Bb1 Qc4 27. Qe3 Bc5 28. Qe1 Nd5 29. Ba2 a5 30. Nd2 Qh4 31. Nxb3 Qxh6 32. Nxc5 Rxc5 33. Bxd5 Rxd5 34. Rxd5 exd5 35. e6 Qf8 36.
Qe5 Qe7 37. Qxd5 b6 38. Qe5 Kf8 39. g3 Kg8 40. Kg2 h6 41. g4 Kh7 42. Kg3 Kg8 43.
f4 g5 44. f5 Kf8 45. f6 Qc5 46. e7+ Ke8 47. Qxc5 bxc5 48. Kf3 Kf7 49. Ke4 a4 50.
Kd5 c4 51. Kxc4 h5 52. gxh5 g4 53. Kd3 g3 54. Ke2 g2 55. Kf2 g1=Q+ 56. Kxg1 Ke8 57. Kf2 Kf7 58. Ke3 Ke8 59. Kf4 Kf7 60. Kf5 Ke8 61. h6 Kf7 62. h7 Ke8 63. h8=Q+ Kf7 64. Qg7+ Ke8 65. Qf8+ Kd7 66. e8=Q+ Kc7 67. Qc8+ Kb6 68. Qfd8+ Ka7 69. Qdc7# 1-0

[Event "*** Titled Tuesday Blitz"]
[Site "Chess.com"]
[Date "2021.04.20"]
[Round "9"]
[White "fyall777"]
[Black "chessajedrezz2020"]
[Result "0-1"]
[WhiteElo "2346"]
[BlackElo "2707"]
[TimeControl "180+1"]
[EndTime "11:45:53 PDT"]
[Termination "chessajedrezz2020 won on time"]

1. d4 d5 2. c4 c6 3. Nc3 Nf6 4. e3 g6 5. Nf3 Bg7 6. cxd5 Nxd5 7. Bc4 O-O 8. O-O Be6 9. Qe2 h6 10. e4 Nxc3 11. bxc3 Bxc4 12. Qxc4 Qc7 13. Rb1 Nd7 14. Qb4 b6 15. Qxe7 Rfe8 16. Qh4 g5 17. Bxg5 hxg5 18. Nxg5 Nf8 19. e5 f6 20. exf6 Bxf6 21. Qg4 Bxg5 22. Qxg5+ Qg7 23. Qf5 Re6 24. g3 Rae8 25.
Rbd1 Ng6 26. c4 Rf6 27. Qg4 Rfe6 28. d5 Re4 29. Qh5 Nf4 30. Qf3 Ne2+ 31. Kh1 Nd4 32. Qd3 cxd5 33. cxd5 Qe5 34. f3 Rg4 35. Rde1 Qxe1 36.
Rxe1 Rxe1+ 37. Kg2 Re2+ 38. Kh3 Rg7 39. Qxd4 Rh7+ 40. Kg4 Rexh2 41. d6 Rg7+ 42. Kf4 Rd7 43. Qd5+ Kf8 44. Qf5+ Rf7 45. d7 Rxf5+ 46. Kxf5 Ke7 47. d8=Q+ Kxd8 48. g4 Ke8 49. f4 Rxa2 50. Kg6 Ra4 51. Kg5 Kf7 52. f5 Rc4 53. Kh5 Kf6 54. g5+ Kxf5 55. g6 Rg4 56. Kh6 Rxg6+ 57. Kh7 a5 0-1

[Event "*** Titled Tuesday Blitz"]
[Site "Chess.com"]
[Date "2021.04.20"]
[Round "9"]
[White "davidkalashian"]
[Black "NTBT_DHS"]
[Result "0-1"]
[WhiteElo "2552"]
[BlackElo "2729"]
[TimeControl "180+1"]
[EndTime "11:45:54 PDT"]
[Termination "NTBT_DHS won by checkmate"]

1. e4 g6 2. d4 Bg7 3. Nc3 a6 4. a4 d6 5. f4 c5 6. Be3 Qa5 7. dxc5 Bxc3+ 8. bxc3 Qxc3+ 9. Bd2 Qxc5 10. Nf3 Nf6 11. Bd3 O-O 12. Qe2 Nc6 13. Rb1 Bg4 14. Qf2 Bxf3 15. Qxc5 dxc5 16. gxf3 Rab8 17. Be3 Nh5 18.
Rb6 Rfd8 19. Kf2 Nb4 20. Ke2 Rd6 21. Bxc5 Nxf4+ 22. Ke3 Rxb6 23. Bxb6 Nfd5+ 24. exd5 Nxd5+ 25. Kd4 Nxb6 26. a5 Rd8+ 27. Kc5 Nd7+ 28. Kd4 Nb8+ 29. Ke3 Nc6 30. Ra1 Rd5 31. Be4 Rxa5 32. Rd1 Ra3+ 33.
Kf4 e5+ 34. Kg5 Kg7 35. Rd7 h6+ 36. Kh4 Nd4 37. Kg3 Nf5+ 38. Kf2 b5 39. Bd5 Kf6 40. h4 Nxh4 41. Rxf7+ Kg5 42. Rf8 Rc3 43. Be4 a5 44. Ra8 a4 45. Ra5 Rc5 46. Ra6 Nf5 47.
Ra8 Nd6 48. Bd3 h5 49. Ra6 Nf5 50. Ra8 h4 51. Rh8 b4 52. Ra8 b3 53. Kg2 bxc2 54.
Rxa4 c1=Q 55. Rg4+ Kf6 56. Bxf5 gxf5 57. Kh3 Qh1# 0-1

[Event "*** Titled Tuesday Blitz"]
[Site "Chess.com"]
[Date "2021.04.20"]
[Round "9"]
[White "PchelkinVK"]
[Black "eduardoperalta"]
[Result "1-0"]
[WhiteElo "2642"]
[BlackElo "2497"]
[TimeControl "180+1"]
[EndTime "11:45:55 PDT"]
[Termination "PchelkinVK won on time"]

1. d4 Nf6 2. Nc3 d5 3. Bf4 c6 4.
Nf3 g6 5. Qd2 h6 6. O-O-O Bg7 7. Ne5 Nbd7 8. f3 Nb6 9. g4 Nfd7 10.
Nxd7 Bxd7 11. e3 a5 12. h4 a4 13. a3 Be6 14. Kb1 Qd7 15. Na2 h5 16. g5 Bf5 17. Bd3 Bxd3 18. cxd3 O-O 19. Qb4 Nc8 20. e4 Nd6 21. Be5 Nb5 22. Nc3 Nxc3+ 23. Qxc3 f6 24. gxf6 exf6 25. Bf4 Kh7 26. Rhg1 Qh3 27.
Bg3 Rac8 28. Qd2 Rfd8 29. Qf2 Qd7 30. Rg2 b5 31. Bf4 Rg8 32. Rdg1 Bh8 33. Bd2 f5 34.
Qe3 Qg7 35. Rxg6 Qxg6 36. Rxg6 Rxg6 37. exf5 Rf6 38. Qe7+ Bg7 39. Bf4 Rcf8 40. Be5 R8f7 41.
Qe8 Rxf5 42. Qxc6 Rxf3 43. Qxd5 Rf1+ 44. Ka2 R7f5 45. Qxb5 Rh1 46. Qd7 Rxe5 47. dxe5 Rh2 48. Qf5+ Kg8 49. Qxh5 Rd2 50. Qf5 Rh2 51. h5 Rh4 52. d4 Rxd4 53. Qg6 Kf8 54. Qf5+ Kg8 55. Qe6+ Kh7 56. Qg6+ Kg8 57. h6 Rd7 58. Qe8+ Kh7 59.
Qxd7 Kxh6 60. e6 1-0

[Event "*** Titled Tuesday Blitz"]
[Site "Chess.com"]
[Date "2021.04.20"]
[Round "9"]
[White "FairChess_on_YouTube"]
[Black "ChristopherYoo"]
[Result "0-1"]
[WhiteElo "3003"]
[BlackElo "2899"]
[TimeControl "180+1"]
[EndTime "11:45:56 PDT"]
[Termination "ChristopherYoo won on time"]

1. Nf3 Nf6 2. b3 e6 3. Bb2 Be7 4. g3 O-O 5. Bg2 d5 6. c4 b6 7. O-O Bb7 8. cxd5 Nxd5 9. d4 Nd7 10. Nbd2 c5 11. Nc4 Rc8 12. Rc1 cxd4 13. Nxd4 Nc5 14. Qd2 a6 15. Rfd1 Ba8 16. Ne3 Bg5 17. f4 Nxf4 18.
gxf4 Bxf4 19. Rf1 Qg5 20. Rxf4 Qxf4 21. Bxa8 Rxa8 22. Nc4 Qg4+ 23. Kh1 Qe4+ 24. Nf3 Rad8 25. Qe3 Qxe3 26. Nxe3 Ne4 27. Kg2 f6 28. Rc4 Nd2 29.
Rc6 Nxf3 30. Kxf3 Rd2 31. Ba3 Rfd8 32. Rxb6 Rxa2 33. Bc5 e5 34. Nf5 Rd7 35. b4 h6 36.
h4 Kh7 37. h5 Ra3+ 38. e3 Ra1 39. Rb8 Rf1+ 40. Ke4 Rh1 41. Ng3 Rh3 42. Kf3 Rd1 43. Kg2 Rh4 44. Rb7 Rg4 45. Kf3 Rg5 46. Ne4 Rf5+ 47. Kg4 Rdf1 48. Bf8 R5f3 49. Rxg7+ Kh8 50.
Ng3 f5+ 51. Kh3 f4 52. exf4 exf4 53. Kg2 fxg3 54. Rg6 Rxf8 55. Rxh6+ Kg8 56. Rg6+ Kh7 57. Rxa6 Rb1 58. Rb6 Rb3 59. Kh3 Rf2 60. Rg6 g2+ 61. Kh2 Rxb4 0-1

[Event "*** Titled Tuesday Blitz"]
[Site "Chess.com"]
[Date "2021.04.20"]
[Round "9"]
[White "Cptn2"]
[Black "Nayemhaque22"]
[Result "1-0"]
[WhiteElo "2602"]
[BlackElo "2458"]
[TimeControl "180+1"]
[EndTime "11:45:56 PDT"]
[Termination "Cptn2 won by resignation"]

1. e4 c6 2. Nf3 d5 3. Nc3 Bg4 4.
h3 Bxf3 5. Qxf3 e6 6. d3 Bc5 7.
Qg3 Qf6 8. Bf4 Nd7 9. Be2 Ne7 10.
O-O Ng6 11. Bg5 Qe5 12. Qxe5 Ndxe5 13. Kh2 f6 14. Bd2 a6 15. f4 Nd7 16. Bg4 Ke7 17.
exd5 exd5 18. Rae1+ Kd6 19. Na4 Bd4 20. Bb4+ Kc7 21. c3 Ba7 22. Bxd7 Kxd7 23. f5 a5 24. Ba3 Bb8+ 25. Kh1 Ne5 26. Nb6+ Kd8 27. Nxa8 Ba7 28. d4 Nc4 29. Bc5 b6 30. b3 bxc5 31. bxc4 Kd7 32.
Rb1 Rxa8 33. Rb7+ Kd6 34. dxc5+ Bxc5 35. cxd5 Kxd5 36. Rxg7 Kc4 37. Rc7 Ra6 38. Rf3 Rb6 39. Rf1 Kxc3 40. Rxh7 Be3 41. h4 c5 42. Re7 Bd2 43. g4 c4 44. g5 fxg5 45. f6 gxh4 46. f7 Bh6 47. f8=Q Bxf8 48. Rxf8 Kb2 49. Rc7 c3 50.
Rf2+ c2 51. Rcxc2+ Ka3 52. Rf3+ Ka4 53. Rc4+ Kb5 54.
Rxh4 Ka6 55. a4 Rb4 56. Rxb4 axb4 57. Rf5 b3 58. Rb5 b2 59. Rxb2 Ka5 60. Ra2 1-0

[Event "*** Titled Tuesday Blitz"]
[Site "Chess.com"]
[Date "2021.04.20"]
[Round "9"]
[White "shnitez"]
[Black "BvsN"]
[Result "0-1"]
[WhiteElo "2501"]
[BlackElo "2387"]
[TimeControl "180+1"]
[EndTime "11:45:56 PDT"]
[Termination "BvsN won by resignation"]

1. d4 d5 2. Nc3 Nf6 3. Bf4 e6 4. e3 Bb4 5. Bd3 c5 6. dxc5 Qa5 7. Ne2 Bxc5 8. a3 Qd8 9. O-O O-O 10. e4 Nc6 11. Ng3 Be7 12. exd5 exd5 13. Nf5 Bxf5 14. Bxf5 Re8 15. Qd3 g6 16. Bh3 d4 17. Nb5 Nd5 18. Bg3 Qb6 19. Bd7 Red8 20. Bxc6 bxc6 21. Nxd4 c5 22. Nb3 Rac8 23. Qc4 Bf6 24. Rab1 Qc6 25. c3 Kg7 26. Rfd1 Nb6 27. Qe2 Re8 28. Qf1 Qe6 29. Na5 h5 30. Re1 Qd7 31. Rbd1 Qa4 32. b4 h4 33. Bf4 Qxa3 34. Rxe8 Rxe8 35. Nc4 Qxc3 36.
Nxb6 axb6 37. bxc5 bxc5 38. Rc1 Qb4 39. Be3 Bd4 40.
Bxd4+ cxd4 41. Rd1 Rd8 42. h3 Qc3 43. Qd3 Qxd3 44.
Rxd3 Kf6 45. Kf1 Ke5 46. Ke2 Ra8 47. Rd2 Ra3 48. Rb2 f5 49. Rb6 g5 50. Rb5+ Ke4 51. Rb2 Rc3 52. Ra2 d3+ 53. Kd2 Rc2+ 54. Rxc2 dxc2 55.
Kxc2 g4 56. Kd2 gxh3 57. gxh3 Kf3 58. Ke1 Kg2 59. Ke2 f4 60. Ke1 f3 61. Kd2 Kxf2 62.
Kd3 Kg2 63. Ke4 f2 64. Kf4 f1=Q+ 65. Kg4 Qf3+ 66. Kxh4 Qxh3+ 67. Kg5 Qf3 68. Kh4 Kf2 69. Kg5 Ke3 70. Kh4 Qg2 71. Kh5 Kf4 72. Kh6 Kf5 73.
Kh7 Kf6 74. Kh8 0-1

[Event "*** Titled Tuesday Blitz"]
[Site "Chess.com"]
[Date "2021.04.20"]
[Round "9"]
[White "picturesquecheck"]
[Black "Cambek64"]
[Result "1/2-1/2"]
[WhiteElo "2313"]
[BlackElo "2468"]
[TimeControl "180+1"]
[EndTime "11:45:56 PDT"]
[Termination "Game drawn by repetition"]

1. e4 Nf6 2. e5 Nd5 3. Nf3 d6 4. Bc4 Nb6 5. Bb3 d5 6. d4 Bg4 7.
O-O e6 8. h3 Bxf3 9. Qxf3 c5 10. c3 cxd4 11. cxd4 Nc6 12. Be3 Be7 13. Rd1 O-O 14.
a4 Rc8 15. Nc3 a6 16. Bc2 Re8 17. Rac1 Nd7 18. g3 Nf8 19. h4 Qa5 20. Qh5 Qb4 21. Rb1 Na5 22. Qg4 Nc4 23. Bh6 g6 24. h5 Nxb2 25.
hxg6 Nxg6 26. Na2 Qa3 27. Bxg6 hxg6 28. Bc1 Rxc1 29. Nxc1 Nxd1 30. Qxd1 Rc8 31. Nd3 Rc7 32.
Nf4 Bg5 33. Nh3 Bh6 34. Kg2 Rc1 35. Rxc1 Qxc1 36. Qg4 Qc4 37. Qh4 Bg7 38. Qd8+ Bf8 39. Qb6 Qc6 40. Qa7 b5 41. axb5 axb5 42. Ng5 Qe8 43. Qb7 b4 44. f4 Be7 45. Nf3 Bf8 46. Kh3 Qe7 47. Qb8 Qd7 48. Ng5 Kg7 49. Kh4 Be7 50.
Kg4 Bxg5 51. Kxg5 Qe7+ 52. Kg4 Qf8 53. Qb5 Qe7 54. Qb6 Kg8 55. Qb5 Kg7 56. Qb6 Qf8 57.
Qb7 Kg8 58. Kf3 Kg7 59. Qb6 Kg8 60. Qb7 Kg7 61. Qb6 Kg8 62. Qb7 1/2-1/2

[Event "*** Titled Tuesday Blitz"]
[Site "Chess.com"]
[Date "2021.04.20"]
[Round "9"]
[White "azikom"]
[Black "lucachess49"]
[Result "1-0"]
[WhiteElo "2633"]
[BlackElo "2438"]
[TimeControl "180+1"]
[EndTime "11:46:01 PDT"]
[Termination "azikom won by resignation"]

1. d3 e5 2. g3 d5 3. Bg2 Nf6 4.
c4 c6 5. Qc2 Bb4+ 6. Bd2 Bxd2+ 7. Nxd2 O-O 8. Ngf3 Re8 9. cxd5 cxd5 10. Nb3 Nc6 11.
O-O Bg4 12. h3 Bxf3 13. Bxf3 Rc8 14. Qd2 a5 15. Rfc1 Qb6 16. Bg2 e4 17. e3 Nb4 18.
dxe4 dxe4 19. Nd4 Nd3 20. Rxc8 Rxc8 21. b3 Qb4 22. Qxb4 axb4 23. g4 h6 24. a4 bxa3 25. Rxa3 Rc1+ 26. Bf1 Nd5 27. Ra8+ Kh7 28. Re8 Nc3 29.
Kg2 Ne1+ 30. Kg3 Nc2 31. Nxc2 Rxc2 32. Re7 b5 33. Rxf7 Rc1 34. Kg2 Rb1 35. h4 Rxb3 36. h5 Rb2 37. Kg3 Rb1 38. Kg2 b4 39. Bc4 b3 40.
Rb7 b2 41. Rb8 g6 42. Rb7+ Kh8 43. hxg6 Rg1+ 44. Kxg1 b1=Q+ 45. Rxb1 Nxb1 46. Kg2 Kg7 47. Bf7 Nc3 48. Kg3 Ne2+ 49. Kg2 Nc3 50. Be8 Nd5 51.
Bc6 Nf6 52. Kg3 Kxg6 53. Kf4 h5 54. Bxe4+ Nxe4 55. Kxe4 hxg4 56. Kf4 Kh5 57. e4 Kh4 58. e5 Kh5 59. Kf5 Kh4 60. e6 Kh3 61. e7 Kg2 62.
Kxg4 Kxf2 63. e8=Q 1-0

[Event "*** Titled Tuesday Blitz"]
[Site "Chess.com"]
[Date "2021.04.20"]
[Round "9"]
[White "enriquetejedor"]
[Black "kleopl"]
[Result "0-1"]
[WhiteElo "2615"]
[BlackElo "2514"]
[TimeControl "180+1"]
[EndTime "11:46:02 PDT"]
[Termination "kleopl won by resignation"]

1. e4 c6 2. Nc3 d5 3. Nf3 Nf6 4. e5 Ne4 5. Nxe4 dxe4 6. Ng5 Qd4 7. Qe2 Qxe5 8. Nxe4 Bf5 9. d3 e6 10. g3 Nd7 11.
Bg2 Bb4+ 12. c3 Bxe4 13. dxe4 Bxc3+ 14. bxc3 Qxc3+ 15. Qd2 Qxa1 16. O-O Qf6 17. Ba3 O-O-O 18. Qa5 Qd4 19. Rc1 f6 20. e5 Qb6 21. Qa4 Nxe5 22.
Bh3 Rhe8 23. Re1 Nd3 24. Rf1 f5 25. Qc4 Qd4 26. Qc2 g5 27. Bg2 Kb8 28. Bc1 Nxc1 29. Rxc1 Rd6 30. Rb1 Ka8 31. h3 Red8 32. Qb3 R8d7 33. a4 f4 34. g4 a6 35. a5 Qc5 36. Qa2 Ka7 37. Rf1 e5 38. Qb2 Qxa5 39. Rb1 Qc5 40. Rc1 Qb6 41. Qc2 Rd2 42. Qe4 Qxf2+ 43.
Kh1 Qxg2+ 44. Qxg2 Rxg2 45. Kxg2 e4 46. Rc4 Rd2+ 47.
Kf1 e3 48. Re4 Rh2 49. Re5 h6 50. Re6 Rxh3 51. Ke2 Rg3 52. Rd6 Rxg4 53. Rxh6 Rg2+ 54. Kd3 Rd2+ 55. Kc3 Rd1 56. Rg6 e2 57. Re6 e1=Q+ 58.
Rxe1 Rxe1 59. Kd4 f3 60. Kc5 f2 61. Kd4 f1=Q 62. Kc5 Re5+ 63. Kb4 Qf4+ 64. Kb3 Re3+ 0-1

[Event "*** Titled Tuesday Blitz"]
[Site "Chess.com"]
[Date "2021.04.20"]
[Round "9"]
[White "Vesper2018"]
[Black "Matensien"]
[Result "1-0"]
[WhiteElo "2529"]
[BlackElo "2383"]
[TimeControl "180+1"]
[EndTime "11:46:03 PDT"]
[Termination "Vesper2018 won by resignation"]

1. e4 c5 2. Nc3 g6 3. Nf3 Bg7 4. d4 cxd4 5. Nxd4 Nc6 6. Be3 Nf6 7. Bc4 O-O 8. Bb3 d6 9. f3 Bd7 10. Qd2 Nxd4 11. Bxd4 b5 12. a4 b4 13. Nd5 Nxd5 14.
Bxg7 Kxg7 15. Bxd5 Rc8 16. a5 Qc7 17. O-O Qxc2 18.
Qd4+ f6 19. Qxa7 Rc7 20. Qb6 Qc5+ 21. Qxc5 dxc5 22. a6 Ra7 23. Rfc1 Rc8 24. Ra5 Rcc7 25. Bb7 c4 26. Kf2 Bc8 27. Bxc8 Rxc8 28. Ra4 c3 29.
Rxb4 Rxa6 30. Rxc3 Rxc3 31. bxc3 Ra2+ 32. Kg3 Rc2 33. Rc4 Kf7 34. Rc7 Ke6 35. h4 Kd6 36.
Rc8 g5 37. hxg5 fxg5 38. c4 Ke6 39. Rc5 Kf6 40. Rf5+ Kg6 41. c5 e6 42. Rf8 Rxc5 43.
Rg8+ Kf6 44. Kg4 Kf7 45. Rh8 Kg7 46. Rd8 h6 47. Rd6 Kf7 48. g3 Re5 49. Ra6 Rc5 50. Kh5 Rc7 51. Kxh6 Kf6 52. Kh5 Ke5 53. Kg4 Rf7 54.
Ra5+ Kf6 55. Rxg5 Rc7 56. Rh5 Rc3 57. Rh6+ Kf7 58. Rh8 Kf6 59. f4 Rc1 60. Rb8 Ke7 61. Rb6 Kf6 62. f5 Ke5 63. Rxe6+ 1-0

[Event "*** Titled Tuesday Blitz"]
[Site "Chess.com"]
[Date "2021.04.20"]
[Round "9"]
[White "Srisshhhtea"]
[Black "pirulillo"]
[Result "1-0"]
[WhiteElo "2330"]
[BlackElo "2209"]
[TimeControl "180+1"]
[EndTime "11:46:04 PDT"]
[Termination "Srisshhhtea won by resignation"]

1. e4 c5 2. Nf3 e6 3. d3 Nc6 4. Be2 g6 5. O-O Bg7 6. c3 Nge7 7. d4 cxd4 8. cxd4 d5 9. e5 O-O 10. Nc3 f6 11. exf6 Bxf6 12. Bh6 Re8 13. Bg5 Nf5 14.
Bxf6 Qxf6 15. Nb5 Qe7 16. Bd3 a6 17. Bxf5 axb5 18. Bd3 b4 19. Re1 Qf6 20. Bc2 Bd7 21. Ne5 Nxe5 22. Rxe5 Rf8 23. Qd2 Qf4 24. Re3 Qd6 25. h4 Rf4 26. g3 Rf6 27. Re5 Raf8 28. Rf1 Bb5 29. Bd3 Qa6 30. Bxb5 Qxb5 31. h5 Kg7 32.
Qe3 Rf3 33. Qg5 Qd7 34. hxg6 hxg6 35. Rfe1 Rxf2 36. Rxe6 Rf1+ 37. Rxf1 Rxf1+ 38. Kxf1 Qxe6 39. Qd2 Qe4 40. Kf2 Qf5+ 41. Kg2 Qe4+ 42. Kh2 Kf6 43. Qxb4 Qe2+ 44. Kg1 Qd1+ 45. Kf2 Qc2+ 46. Ke3 Qe4+ 47. Kd2 Qg2+ 48. Kd1 Qxg3 49. Qf8+ Kg5 50. Qe7+ Kh5 51.
Qh7+ Kg5 52. Qxb7 Qd3+ 53. Kc1 Qe3+ 54. Kc2 Qe2+ 55. Kb3 Qc4+ 56. Ka3 Qxd4 57. Qe7+ Kf5 58. Qf7+ Qf6 59. Qxd5+ Qe5 60. Qf3+ Qf4 61. Qh3+ Qg4 62.
Qxg4+ Kxg4 63. b4 Kf5 64. b5 Ke6 65. Kb4 g5 66. Kc4 g4 67. Kd3 Kd5 68. a4 g3 69. Ke2 Kc5 70. Kf3 1-0

[Event "*** Titled Tuesday Blitz"]
[Site "Chess.com"]
[Date "2021.04.20"]
[Round "9"]
[White "kingofthenil"]
[Black "gmpeter008"]
[Result "0-1"]
[WhiteElo "2624"]
[BlackElo "2500"]
[TimeControl "180+1"]
[EndTime "11:46:06 PDT"]
[Termination "gmpeter008 won on time"]

1. e3 g6 2. Ke2 Bg7 3. Ke1 Nf6 4. d4 O-O 5. Nf3 c5 6. dxc5 Na6 7. Bxa6 Qa5+ 8. Bd2 Qxa6 9. Bc3 d6 10. cxd6 Rd8 11.
Qe2 Qxd6 12. Nbd2 Bf5 13. e4 Nxe4 14. Nxe4 Bxe4 15. Qxe4 Bxc3+ 16. bxc3 Rac8 17. Qe3 Rc4 18. g3 Qc6 19. Rd1 Rxd1+ 20. Kxd1 Rxc3 21. Qxe7 Qxf3+ 22. Kd2 Rc6 23. Qd8+ Kg7 24. Qd4+ Rf6 25. Rf1 g5 26. h4 h6 27. hxg5 hxg5 28. Kc1 Kg6 29. Qd3+ Qxd3 30. cxd3 Kh5 31. f3 g4 32. f4 Rd6 33.
Kd2 Ra6 34. Ra1 Ra3 35. Ke3 Kg6 36. Ke4 f5+ 37. Ke3 Kf6 38. Rh1 Rxa2 39. Rh6+ Kg7 40.
Rd6 Rb2 41. Rd5 Kf6 42. Rd6+ Ke7 43. Rd5 Ke6 44. Re5+ Kf6 45. Ra5 a6 46. Rc5 Rb5 47. Rc8 Rb1 48. Rf8+ Ke6 49. Re8+ Kf7 50. Ra8 Rb5 51.
Kd4 a5 52. Rc8 Rb1 53. Ra8 b6 54. Ra7+ Ke6 55. Ra8 Rb4+ 56. Ke3 a4 57. Re8+ Kf6 58. Rf8+ Ke6 59. Re8+ Kf7 60. Re5 Kf6 61. Re8 b5 62. Ra8 Rb3 63. Kd2 a3 64. Kc2 Rb2+ 65.
Kc1 b4 66. Ra6+ Ke7 67. Ra4 Ke6 68. Ra5 Rg2 69. Re5+ Kf6 70. Rb5 a2 71. Rb6+ Ke7 72.
Ra6 b3 0-1

[Event "*** Titled Tuesday Blitz"]
[Site "Chess.com"]
[Date "2021.04.20"]
[Round "9"]
[White "eldur16"]
[Black "Abund"]
[Result "0-1"]
[WhiteElo "2616"]
[BlackElo "2747"]
[TimeControl "180+1"]
[EndTime "11:46:07 PDT"]
[Termination "Abund won on time"]

1. d4 Nf6 2. c4 g6 3. Nc3 d5 4. Nf3 Bg7 5. e3 O-O 6. cxd5 Nxd5 7. Bc4 Nb6 8. Bb3 Na6 9. O-O c5 10. h3 cxd4 11. exd4 Nb4 12. Re1 h6 13. a3 N4d5 14. Ne4 Bd7 15. Nc5 Bc6 16. Ne5 Kh7 17. Bd2 Rc8 18.
Rc1 e6 19. Qe2 Ne7 20. Bc3 Nbd5 21. Bc2 b6 22. Ne4 Bb7 23. Bd2 Nf5 24. Qd3 Nde7 25. Bc3 Qd5 26. Ng4 Kh8 27. Ne3 Nxe3 28. Qxe3 f5 29.
Qg3 fxe4 30. Bxe4 Qd7 31. Bxb7 Qxb7 32. Rxe6 Rf6 33. Rxf6 Bxf6 34. Re1 Qd5 35. Qg4 Qf5 36. Qg3 Nd5 37. Qd6 Rd8 38. Qc6 Qd7 39. Qc4 Rc8 40. Qd3 Re8 41. Qxg6 Rxe1+ 42. Bxe1 Bg7 43. Bd2 Ne7 44. Qf7 Qxd4 45. Bxh6 Qd1+ 46. Kh2 Qd6+ 47.
Bf4 Qd7 48. b3 b5 49. a4 a6 50. Bg5 Qd6+ 51. f4 Nd5 52. Qe8+ Qf8 53. Qe4 Nf6 54.
Qe6 Nh5 55. Qxa6 Nxf4 56. Qxb5 Ne6 57. Qd5 Nxg5 58. Qxg5 Qd6+ 59. Kh1 Qd1+ 60. Kh2 Qd6+ 0-1